 Dungeon Sprint DCSS version 0.30-a0-122-g2a1322497e (webtiles) character file.

Game seed: 5904885833715489939

980 rocky1 the Basher (level 8, -1/91 HPs)
             Began as an Ogre Gladiator on Sept 16, 2022.
             Was a Believer of Okawaru.
             Slain by a snapping turtle (19 damage)
             ... in the Dungeon (Sprint VII: "The Pits").
             The game lasted 00:02:51 (1791 turns).

rocky1 the Basher (Ogre Gladiator)                  Turns: 1791, Time: 00:02:52

Health: -1/91      AC:  3    Str: 21    XL:     8   Next: 17%
Magic:  12/12      EV: 12    Int:  9    God:    Okawaru [**....]
Gold:   0          SH:  0    Dex: 10    Spells: 7/7 levels left

rFire   . . .      SeeInvis .    n - +0 flail (vorpal)
rCold   . . .      Faith    .    (no shield)
rNeg    . . .      Spirit   .    b - +0 robe
rPois   .          Reflect  .    c - +0 hat
rElec   .          Harm     .    (no cloak)
rCorr   .          Rampage  .    (gloves unavailable)
Will    .....      NoTele   +    (boots unavailable)
Stlth   ++........               (no amulet)
HPRegen 0.25/turn                (no ring)
MPRegen 0.13/turn                (no ring)

@: no status effects
A: large, unfitting armour, tough skin 1
a: Renounce Religion, Heroism


You were in the Dungeon.
You worshipped Okawaru.
Okawaru was pleased with you.
You visited 1 branch

Inventory:

Hand Weapons
 a - a +0 flail
 n - a +0 vorpal flail (weapon)
Missiles
 d - 3 throwing nets (quivered)
 e - a large rock
Armour
 b - a +0 robe (worn)
 c - a +0 hat (worn)
Scrolls
 k - a scroll of blinking
 m - 5 scrolls of amnesia
Potions
 f - 6 potions of curing
 g - 5 potions of heal wounds
 h - a potion of haste
 i - 4 potions of magic
 j - 2 potions of berserk rage
 l - a potion of invisibility


   Skills:
 + Level 8.8 Fighting
 + Level 10.7 Maces & Flails
 + Level 3.8 Throwing
 + Level 8.0 Dodging
 + Level 4.5 Stealth
 * Level 5.7 Invocations


You had 7 spell levels left.
You didn't know any spells.
Your spell library was empty.

Dungeon Overview and Level Annotations

Branches:
Dungeon (1/1)

Altars:
Ashenzari
Cheibriados
Dithmenos
Elyvilon
Fedhas
Gozag
Hepliaklqana
Kikubaaqudgha
Makhleb
Nemelex Xobeh
Okawaru
Qazlal
Ru
Sif Muna
Trog
Uskayaw
Vehumet
Wu Jian
Xom
Yredelemnul
Zin
The Shining One
Jiyva
Lugonu


Innate Abilities, Weirdness & Mutations

You are too large for most types of armour.
You have tough skin. (AC +1)


Message History

The snapping turtle barely misses you.
You hit the snapping turtle but do no damage.
The snapping turtle completely misses you.
You hit the snapping turtle but do no damage.
The snapping turtle barely misses you.
You barely miss the snapping turtle. The snapping turtle bites you!!
You barely miss the snapping turtle. You hit the snapping turtle.
The snapping turtle is lightly wounded.
The snapping turtle barely misses you.
You hit the snapping turtle.
The snapping turtle is lightly wounded.
The snapping turtle barely misses you.
You thump the snapping turtle!
The snapping turtle is moderately wounded.
The snapping turtle bites you!!
You hit the snapping turtle but do no damage.
The snapping turtle is moderately wounded.
The snapping turtle bites you!
You hit the snapping turtle but do no damage.
The snapping turtle is moderately wounded.
The snapping turtle bites you but does no damage.
You hit the snapping turtle but do no damage.
The snapping turtle is moderately wounded.
The floating eye seems to glare at you. The snapping turtle barely misses you.
You hit the floating eye.
The floating eye is lightly wounded.
The snapping turtle closely misses you.
You hit the floating eye.
The floating eye is heavily wounded.
You hit the floating eye.
You kill the floating eye!
Okawaru accepts your kill. The snapping turtle bites you!!
* * * LOW HITPOINT WARNING * * *
Your Dodging skill increases to level 8!
Unknown command.
The snapping turtle bites you from afar!!
You die...

#.##'#.....##...<...#
#)#........##.......#
#)#........##.......#
#'###########.......#
#.......#.. #########
#))#.#..#.# ####
#.##.##.#.#....#
#.....÷.#†#....#
#.##.##@#)tGt..+
#..#.#..#'#....#
#.....)t'.# ...#
########### ###


You could see a snapping turtle.

Vanquished Creatures
  A snapping turtle (D)
  A shadow (D)
  2 floating eyes (D)
  A sky beast (D)
  2 centaurs (D)
  A necrophage (D)
  A gnoll bouda (D)
  An orc wizard (D)
  4 gnolls (D)
  A river rat (D)
  2 ufetubi (D)
  3 orcs (D)
  2 endoplasms (D)
  A giant cockroach (D)
  A hobgoblin (D)
  2 kobolds (D)
  2 bats (D)
  A quokka skeleton (D)
29 creatures vanquished.

Vanquished Creatures (others)
  A crimson imp (D)
1 creature vanquished.

Grand Total: 30 creatures vanquished

Notes
Turn   | Place    | Note
-------+----------+-------------------------------------------
     0 | D        | rocky1 the Ogre Gladiator began the quest for the Orb.
     0 | D        | Reached XP level 1. HP: 22/22 MP: 1/1
    14 | D        | Reached skill level 3 in Maces & Flails
    18 | D        | Found a bloodstained altar of Trog.
    18 | D        | Found a shimmering blue altar of Sif Muna.
    18 | D        | Found a viscous altar of Jiyva.
    18 | D        | Found a hazy altar of Hepliaklqana.
    18 | D        | Found an opulent altar of Gozag.
    19 | D        | Found a glowing golden altar of the Shining One.
    19 | D        | Found a glowing silver altar of Zin.
    19 | D        | Found a basalt altar of Yredelemnul.
    19 | D        | Found a shimmering altar of Xom.
    19 | D        | Found an ornate altar of the Wu Jian Council.
    19 | D        | Found a sacrificial altar of Ru.
    19 | D        | Found a stormy altar of Qazlal.
    19 | D        | Found an iron altar of Okawaru.
    19 | D        | Found a sparkling altar of Nemelex Xobeh.
    19 | D        | Found a burning altar of Makhleb.
    19 | D        | Found a blossoming altar of Fedhas.
    19 | D        | Found a white marble altar of Elyvilon.
    19 | D        | Found a shadowy altar of Dithmenos.
    19 | D        | Found a snail-covered altar of Cheibriados.
    22 | D        | Found a corrupted altar of Lugonu.
    22 | D        | Found a radiant altar of Vehumet.
    23 | D        | Found an ancient bone altar of Kikubaaqudgha.
    23 | D        | Found a hide-covered altar of Uskayaw.
    23 | D        | Found a broken altar of Ashenzari.
    27 | D        | Became a worshipper of Warmaster Okawaru
    73 | D        | Reached XP level 2. HP: 25/31 MP: 2/2
   388 | D        | Reached skill level 4 in Maces & Flails
   570 | D        | Noticed a centaur
   570 | D        | Noticed a floating eye
   574 | D        | Paralysed by a floating eye for 2 turns
   579 | D        | Paralysed by a floating eye for 3 turns
   580 | D        | Reached XP level 3. HP: 22/39 MP: 3/3
   582 | D        | Killed a floating eye
   583 | D        | Reached skill level 5 in Fighting
   583 | D        | Reached skill level 6 in Maces & Flails
   583 | D        | Reached skill level 5 in Dodging
   583 | D        | Reached XP level 4. HP: 24/50 MP: 4/4
   583 | D        | Reached XP level 5. HP: 28/57 MP: 5/5
   591 | D        | Killed a centaur
   591 | D        | Reached * piety under Okawaru
   592 | D        | Reached skill level 7 in Maces & Flails
   592 | D        | Reached skill level 1 in Stealth
   595 | D        | Reached XP level 6. HP: 33/67 MP: 6/6
   597 | D        | Reached skill level 8 in Maces & Flails
   951 | D        | Reached skill level 1 in Invocations
   969 | D        | Noticed a shadow
   974 | D        | Killed a shadow
   974 | D        | Reached ** piety under Okawaru
   975 | D        | Reached skill level 9 in Maces & Flails
   975 | D        | Reached XP level 7. HP: 43/78 MP: 7/9
  1245 | D        | Reached skill level 10 in Maces & Flails
  1429 | D        | Noticed a snapping turtle
  1429 | D        | Noticed a snapping turtle
  1447 | D        | Killed a snapping turtle
  1448 | D        | Reached skill level 5 in Invocations
  1448 | D        | Reached XP level 8. HP: 16/89 MP: 10/12
  1791 | D        | Slain by a snapping turtle

Illustrated notes

Levels and vault maps discovered:
D:        pitsprint [storerooms_1, entrance_room_1, metal_vault_2, armoury_1,
          mini_pit_1, grid_room_1, main_hall_1, silver_pit, the_coven_3,
          the_vestibule_1, steel_vault_4, golden_pit, hallway_of_sentries,
          crystal_vault_1, iron_vault_3, final_vault]

Skill      XL: |  1  2  3  4  5  6  7  8 |
---------------+-------------------------+-----
Fighting       | 3 5 7 8 |  8.8
Maces & Flails | 3 4 6 7 9 10 | 10.7
Dodging        | 3 4 5 6 7 8 |  8.0
Throwing       | 3 |  3.8
Stealth        | 1 3 4 |  4.5
Invocations    | 3 5 |  5.7

Action                   |  1- 3 |  4- 6 |  7- 9 || total
-------------------------+-------+-------+-------++-------
Melee: Flail             |    36 |    53 |    35 ||   124
       Punch             |       |     1 |       ||     1
Invok: Heroism           |       |       |     1 ||     1
  Use: Potion            |     1 |     1 |     1 ||     3
 Stab: Invisible         |       |     6 |       ||     6
Armor: Robe              |    13 |     8 |     7 ||    28
Dodge: Dodged            |    26 |    29 |    20 ||    75

Table legend: (Time is in decaauts)
 A = Elapsed time spent in this place.
 B = Non-inter-level travel time spent in this place.
 C = Inter-level travel time spent in this place.
 D = Time resting spent in this place.
 E = Time spent auto-exploring this place.
 F = Levels seen in this place.
 G = Mean time per level.
                   A        B        C        D        E       F      G
               +--------+--------+--------+--------+--------+-----+--------+
         Total |   1799 |   1780 |     19 |   1458 |      0 |   1 | 1799.0 |
       Dungeon |   1799 |   1780 |     19 |   1458 |      0 |   1 | 1799.0 |
               +--------+--------+--------+--------+--------+-----+--------+

Top non-repeatable levels by time:
       D: 1799 daAuts
